 Dungeon Crawl Stone Soup version 0.19-a0-198-gc02d5d8 (webtiles) character file.

3831 uglyjohn the Magus (level 9, -2/63 HPs)
             Began as a Demonspawn Monk on May 23, 2016.
             Was an Elder of Nemelex Xobeh.
             Slain by a flayed ghost (13 damage)
             ... on level 9 of the Dungeon.
             The game lasted 00:21:07 (8187 turns).

uglyjohn the Magus (Demonspawn Monk)                Turns: 8187, Time: 00:21:08

Health: -2/63      AC: 15    Str: 13    XL:     9   Next: 97%
Magic:  19/19      EV: 11    Int: 15    God:    Nemelex Xobeh [****..]
Gold:   249        SH:  2    Dex: 18    Spells: 0 memorised, 8 levels left

rFire  . . .     SeeInvis .       - Unarmed
rCold  . . .     Gourm    .     c - +0 scale mail
rNeg   . . .     Faith    .     (no shield)
rPois  +         Spirit   .     Z - +0 helmet
rElec  .         Dismiss  .     a - +1 cloak {rPois}
rCorr  .         Reflect  .     U - +0 pair of gloves
SustAt .         Harm     .     V - +0 pair of boots
MR     .....                    g - amulet of regeneration
Stlth  +++++.....               (no ring)
                                F - ring of stealth

@: flayed, very slightly contaminated, slowed, invisible, very slow, not
resistant to hostile enchantments, quite stealthy
A: talons 1, large bone plates 1, agile 1, clever 1, high mp 1, nightstalker 3,
powered by death 1, screaming 1, MP-powered wands, sturdy frame 1
a: Triple Draw, Deal Four, Renounce Religion


You were on level 9 of the Dungeon.
You worshipped Nemelex Xobeh.
Nemelex Xobeh was greatly pleased with you.
You were not hungry.

You visited 2 branches of the dungeon, and saw 10 of its levels.

You collected 518 gold pieces.
You spent 269 gold pieces at shops.

Inventory:

Hand Weapons
 x - a +2 spear of venom
Armour
 a - a +1 cloak of poison resistance (worn)
 c - a +0 scale mail (worn)
 U - a +0 pair of gloves (worn)
 V - a +0 pair of boots (worn)
 Z - a +0 helmet (worn)
Jewellery
 g - an amulet of regeneration (around neck)
 o - an uncursed amulet of harm
 F - a ring of stealth (left hand)
Wands
 S - a wand of lightning (8/15)
 W - a wand of flame (42/48)
Scrolls
 e - 2 scrolls of enchant armour
 k - 3 scrolls of teleportation {unknown}
 n - a scroll of blinking {unknown}
 p - 2 scrolls of random uselessness {unknown}
 v - 3 scrolls of remove curse {unknown}
 w - a scroll of fog {unknown}
 y - 3 scrolls of noise {unknown}
 E - 2 scrolls of recharging {unknown}
 G - 2 scrolls of magic mapping {unknown}
 H - a scroll of enchant weapon {unknown}
 N - 2 scrolls of amnesia {unknown}
Potions
 d - 3 potions of agility
 f - a potion of ambrosia {unknown}
 h - 2 potions of brilliance
 j - a potion of curing
 q - a potion of mutation {unknown}
 s - a potion of beneficial mutation
 t - 4 potions of flight
 u - a potion of might {unknown}
 D - a potion of degeneration {unknown}
 J - a potion of haste {unknown}
 L - 2 potions of lignification
 P - a potion of heal wounds {unknown}
Miscellaneous
 r - an ornate deck of war {drawn: 1}
 z - a plain deck of summoning {drawn: 1}
 A - a plain deck of escape {drawn: 2}
 C - a plain deck of war {drawn: 2}
 I - a plain deck of war
 M - an ornate deck of war
 R - a plain deck of escape
 T - an ornate deck of war
 Y - an ornate deck of escape
Comestibles
 b - 7 bread rations
 i - 2 meat rations
 m - 7 fruits
 B - a chunk of flesh


   Skills:
 - Level 3.0 Fighting
 * Level 5.3 Armour
 - Level 2.6 Dodging
 - Level 1.7 Stealth
 - Level 7.0 Unarmed Combat
 + Level 11.1 Evocations


You had 8 spell levels left.
You didn't know any spells.

Dungeon Overview and Level Annotations

Branches:
Dungeon (9/15)             Temple (1/1) D:4
   Lair: D:8-11         Orc: D:9-12

Altars:
Ashenzari
Cheibriados
Dithmenos
Elyvilon
Fedhas
Gozag
Kikubaaqudgha
Makhleb
Nemelex Xobeh
Okawaru
Pakellas
Qazlal
Ru
Sif Muna
Trog
Vehumet
Xom
Yredelemnul
Zin
The Shining One

Shops:
D:7 :   D:9 [


Innate Abilities, Weirdness & Mutations

You have sharp toenails.
You are partially covered in large bone plates. (AC +2, SH +2)
You are completely attuned to the shadows.
You regenerate a little health from kills.
You are agile. (Dex +2)
Your mind is acute. (Int +2)
You have an increased reservoir of magic. (+10% MP)
You occasionally shout uncontrollably at your foes.
You expend magic power (3 MP) to strengthen your wands.
Your movements are slightly less encumbered by armour. (ER -2)


Message History

Here: a flayed ghost (severely damaged)
An open door, spattered with blood.
Drink which item? (? for menu, Esc to quit)
You fade into invisibility!
The flayed ghost hits you.
* * * LOW HITPOINT WARNING * * *
The flayed ghost misses you.
You are very lightly contaminated with residual magic.
Press: ? - help, v - describe, . - travel
Here: a flayed ghost (severely damaged)
An open door, spattered with blood.
You closely miss the flayed ghost.
The flayed ghost is severely damaged.
The flayed ghost hits you!
* * * LOW HITPOINT WARNING * * *
There is an open door, spattered with blood here.
Drink which item? (? for menu, Esc to quit)
You feel better. The flayed ghost hits you!
You die...
Your body glows with a rainbow of weird colours and disappears.

# ##..## ##...## #
##..###.....#
..._...+....'......# # .
.......##..###.....# # ..
#.†.###..## ##...## #
#..###'###..#+ ###### ####
#...†.....## ##. ##(#
#'##8.8##'## #.. ##.# #.
##@##...## ####.. ##.# .
#W#.._..# ##.##.. ##.#
#.##...#####..##.. ##.#
::}######.##..##.. ##.#
######## #.##..##.. ##.#
.....##.##...###.##..##..
##.#
......##..........##..##..
##.#
#......##..........##......
##.#
#......##.##.......##....(.


You could see a flayed ghost.

Vanquished Creatures
  A troll (D:7)
  A spriggan (D:7)
  A wyvern (D:9)
  2 wraiths (D:9)
  A fire bat (D:9)
  3 sky beasts
  Duvessa (D:4)
  An ice beast (D:9)
  A black bear (D:8)
  A necrophage (D:5)
  An ogre (D:7)
  2 centaurs (D:9)
  8 big kobolds (D:8)
  3 giant frogs
  Dowan (D:4)
  A scorpion (D:7)
  2 howler monkeys
  2 crimson imps
  A giant frog zombie (D:6)
  5 orc wizards
  2 orc priests
  7 hounds
  2 centaur skeletons
  2 iguanas
  5 worker ants
  A hound zombie (D:9)
  Robin (D:3)
  4 gnolls (D:7)
  8 adders
  2 shadow imps
  An ooze (D:6)
  An adder skeleton (D:4)
  5 worms
  A dart slug (D:4)
  2 giant geckos
  4 orcs
  16 bats
  4 giant cockroaches
  17 goblins
  11 hobgoblins
  8 jackals
  4 quokkas
  A giant gecko skeleton (D:4)
  A giant gecko zombie (D:6)
  4 giant newts
  23 kobolds
  7 rats
183 creatures vanquished.

Vanquished Creatures (collateral kills)
  3 big kobolds (D:8)
  An electric eel (D:6)
  2 orc wizards
  An orc (D:7)
  A kobold (D:8)
8 creatures vanquished.

Vanquished Creatures (others)
  A big kobold (D:8)
1 creature vanquished.

Grand Total: 192 creatures vanquished

Notes
Turn   | Place    | Note
--------------------------------------------------------------
     0 | D:1      | uglyjohn the Demonspawn Monk began the quest for the Orb.
     0 | D:1      | Reached XP level 1. HP: 18/18 MP: 1/1
   406 | D:1      | Gained mutation: You are slightly more attuned to the shadows. [demonic ancestry]
   406 | D:1      | Reached XP level 2. HP: 24/24 MP: 2/2
  1165 | D:2      | Gained mutation: You are partially covered in large bone plates. (AC +2, SH +2) [demonic ancestry]
  1165 | D:2      | Reached XP level 3. HP: 29/29 MP: 3/3
  1435 | D:2      | Found a shattered altar of Ashenzari.
  1502 | D:2      | Reached skill level 5 in Unarmed Combat
  1555 | D:2      | Reached XP level 4. HP: 35/35 MP: 4/4
  1952 | D:3      | Found a sparkling altar of Nemelex Xobeh.
  1960 | D:3      | Found a faded altar to an unknown god.
  1982 | D:3      | Found a snail-covered altar of Cheibriados.
  2320 | D:3      | Noticed Robin
  2329 | D:3      | Killed Robin
  2655 | D:4      | Found an iron altar of Okawaru.
  2699 | D:4      | Noticed Duvessa
  2724 | D:4      | Noticed Dowan
  2736 | D:4      | Killed Duvessa
  2736 | D:4      | Gained mutation: You regenerate a little health from kills. [demonic ancestry]
  2736 | D:4      | Reached XP level 5. HP: 13/41 MP: 5/5
  2750 | D:4      | Killed Dowan
  2750 | D:4      | Reached XP level 6. HP: 25/47 MP: 6/6
  2841 | D:4      | Found a blossoming altar of Fedhas.
  3018 | D:4      | Reached skill level 1 in Armour
  3140 | D:4      | Found a staircase to the Ecumenical Temple.
  3217 | Temple   | Entered the Ecumenical Temple
  3390 | D:3      | Became a worshipper of Nemelex Xobeh the Trickster
  3390 | D:3      | Received a gift from Nemelex Xobeh
  3390 | D:3      | Reached * piety under Nemelex Xobeh
  3390 | D:3      | Received a gift from Nemelex Xobeh
  3390 | D:3      | Received a gift from Nemelex Xobeh
  3390 | D:3      | Reached ** piety under Nemelex Xobeh
  3699 | D:5      | Entered Level 5 of the Dungeon
  3842 | D:5      | Reached skill level 2 in Evocations
  3842 | D:5      | Gained mutation: You are significantly more attuned to the shadows. [demonic ancestry]
  3842 | D:5      | Reached XP level 7. HP: 52/52 MP: 6/8
  3979 | D:5      | Received a gift from Nemelex Xobeh
  4392 | D:6      | Reached skill level 3 in Evocations
  4421 | D:6      | Found a shimmering altar of Xom.
  4435 | D:6      | Found a stormy altar of Qazlal.
  4449 | D:6      | Reached skill level 4 in Evocations
  4673 | D:6      | Reached skill level 5 in Evocations
  4876 | D:7      | Received a gift from Nemelex Xobeh
  4939 | D:7      | Gained mutation: You have sharp toenails. [demonic ancestry]
  4939 | D:7      | Reached XP level 8. HP: 56/58 MP: 12/12
  5168 | D:7      | Reached *** piety under Nemelex Xobeh
  5229 | D:7      | Reached skill level 6 in Evocations
  5303 | D:7      | Found Naaptof's Book Boutique.
  5380 | D:7      | Noticed a troll
  5388 | D:7      | HP: 2/58 [troll (4)]
  5540 | D:7      | Killed a troll
  5540 | D:7      | Reached skill level 7 in Evocations
  5552 | D:7      | Gained mutation: You expend magic power (3 MP) to strengthen your wands. [mutagenic meat]
  5553 | D:7      | Gained mutation: Your movements are slightly less encumbered by armour. (ER -2) [mutagenic meat]
  5554 | D:7      | Gained mutation: Your mind is acute. (Int +2) [mutagenic meat]
  5758 | D:7      | Received a gift from Nemelex Xobeh
  5962 | D:7      | Reached skill level 8 in Evocations
  6290 | D:8      | Found a bloodstained altar of Trog.
  6513 | D:8      | Found a glowing silver altar of Zin.
  6652 | D:8      | Gained mutation: You are clumsy. (Dex -2) [mutagenic meat]
  6653 | D:8      | Gained mutation: You occasionally shout uncontrollably at your foes. [mutagenic meat]
  6655 | D:8      | Lost mutation: You are clumsy. (Dex -2) [mutagenic meat]
  6656 | D:8      | Gained mutation: You have an increased reservoir of magic. (+10% MP) [mutagenic meat]
  6657 | D:8      | Gained mutation: You are agile. (Dex +2) [mutagenic meat]
  6695 | D:8      | Reached skill level 9 in Evocations
  6707 | D:8      | Received a gift from Nemelex Xobeh
  6722 | D:8      | Reached **** piety under Nemelex Xobeh
  6747 | D:8      | Gained mutation: You are completely attuned to the shadows. [demonic ancestry]
  6747 | D:8      | Reached XP level 9. HP: 59/63 MP: 17/17
  6793 | D:8      | Reached skill level 10 in Evocations
  7437 | D:9      | Found Boosmy's Armour Shop.
  7441 | D:9      | Received a gift from Nemelex Xobeh
  7443 | D:9      | Bought a +0 helmet for 67 gold pieces
  7443 | D:9      | Bought a +1 cloak of poison resistance for 202 gold pieces
  7841 | D:9      | Received a gift from Nemelex Xobeh
  8039 | D:9      | Reached skill level 11 in Evocations
  8075 | D:9      | Found a basalt altar of Yredelemnul.
  8082 | D:9      | Reached skill level 5 in Armour
  8087 | D:9      | Found a runed door.
  8092 | D:9      | Found a stormy altar of Qazlal.
  8167 | D:9      | Noticed a flayed ghost
  8186 | D:9      | HP: 1/63 [flayed ghost (7)]
  8187 | D:9      | Slain by a flayed ghost

Vault maps used:
D:1:      lightli_arrival_flooded_house
D:2:      ashenzari_conservatory_becter, first_bread
D:3:      kennysheep_goblin_castle, cheibriados_altar_1, nemelex_deck,
          ecumenical_altar_2, serial_glass, glass_columns_b, glass_columns_a
D:4:      kennysheep_mini_moat, okawaru_metal_pillars_1_2,
          minmay_temple_entry_statues_pillars, uniq_duvessa, uniq_robin
D:6:      grunt_qazlal_sundering, basic_altar, minivault_14
D:7:      serial_shops, shop, the_bakery
D:8:      bloody_trog, zin_statuary, special_room
D:9:      due_megacathedral, lemuel_doored_altar, serial_shops,
          nicolae_shop_trees
Temple:   triangle_lava_temple_11

Skill      XL: |  1  2  3  4  5  6  7  8  9 |
---------------+----------------------------+-----
Unarmed Combat | 4 5 6 7 |  7.0
Armour         | 2 5 |  5.3
Evocations     | 2 5 9 11 | 11.1
Fighting       | |  3.0
Dodging        | |  2.6
Stealth        | |  1.7

Action                   |  1- 3 |  4- 6 |  7- 9 || total
-------------------------+-------+-------+-------++-------
Melee: Unarmed           |   137 |    75 |    45 ||   257
       Punch             |     1 |    11 |    11 ||    23
       Spear             |       |   145 |   495 ||   640
       Kick              |       |       |    48 ||    48
Evoke: Deck              |       |       |    13 ||    13
  Use: Scroll            |     3 |       |     6 ||     9
       Potion            |       |       |     2 ||     2
 Stab: Sleeping          |     5 |     9 |    23 ||    37
       Distracted        |     2 |     1 |     2 ||     5
  Eat: Chunk             |     2 |     7 |    23 ||    32
       Royal jelly       |       |       |     1 ||     1
Armor: Ring mail         |    40 |    79 |    30 ||   149
       Scale mail        |       |       |   193 ||   193
Dodge: Dodged            |    79 |    99 |   233 ||   411
Block: Other             |     3 |    15 |    25 ||    43
